AoeStats
← WasserLasser

Oasis

508943042Analyzed
4v4 RM · 8d ago on Sep 24, 2026· 27m 36s· 8 players
Game mode
Random Map
Map size
Large (8 player)
Population
200
Speed
Normal
Resources
Standard
Victory
Conquest
Starting age
Dark Age
Ending age
Imperial Age
RankedLock teamsTeams togetherTeam positionsShared explorationLock speedFull tech treeHidden civsTurbo modeCheats
Victory
Defeat
🇨🇳 Franks · China
1366
+14
🇹🇼 Koreans · Taiwan
1317
+16
🇹🇼 Tatars · Taiwan
1297
+17
🇹🇼 Portuguese · Taiwan
1242
+19
🇨🇴 Italians · Colombia
1348
-18
🇹🇷 Gurjaras · Türkiye
1319
-17
🇩🇪 Britons · Germany
1315
-16
🇩🇪 Franks · Germany
1271
-15
C42
11:05 Feudal Age
9:24 Loom
11:10 Feudal Age
12:09 Double-Bit Axe
13:29 Horse Collar
14:27 Fletching
20:35 Castle Age
21:29 Bow Saw
23:15 Husbandry
23:26 Bloodlines
23:24 Scale Barding Armor
23:27 Heavy Plow
25:18 Elite Skirmisher
26:01 Padded Archer Armor
WasserLasser
10:06 Feudal Age
10:56 Double-Bit Axe
13:06 Wheelbarrow
16:26 Scale Barding Armor
21:04 Forging
25:50 Castle Age
25:55 Light Cavalry
26:57 Chain Barding Armor
Banana Joe
6:34 Loom
9:18 Feudal Age
10:51 Double-Bit Axe
14:36 Gold Mining
15:00 Fletching
15:18 Horse Collar
23:59 Castle Age
23:46 Padded Archer Armor
25:19 Bodkin Arrow
26:03 Padded Archer Armor
27:30 Ballistics
jomanuel28
0:46 Loom
4:23 Loom
10:02 Feudal Age
16:07 Man-at-Arms
20:41 Castle Age
19:34 Double-Bit Axe
pasonnosap
9:54 Loom
18:13 Feudal Age
22:16 Castle Age
20:08 Fletching
20:06 Double-Bit Axe
20:23 Horse Collar
21:07 Padded Archer Armor
22:22 Crossbowman
22:59 Bodkin Arrow
24:25 Leather Archer Armor
26:14 Bow Saw
27:44 Heavy Plow
[TAIDA]馬其
6:22 Loom
8:47 Feudal Age
10:40 Fletching
16:25 Double-Bit Axe
18:37 Horse Collar
22:31 Wheelbarrow
25:31 Castle Age
24:54 Gold Mining
24:55 Stone Mining
25:45 Crossbowman
26:22 Bodkin Arrow
26:35 Thumb Ring
27:21 Town Watch
[TAIDA] WH
5:02 Loom
6:21 Loom
8:38 Feudal Age
9:14 Double-Bit Axe
13:27 Forging
16:57 Horse Collar
20:05 Wheelbarrow
20:34 Bloodlines
25:10 Castle Age
23:48 Gold Mining
25:23 Scale Barding Armor
26:36 Gold Shaft Mining
26:32 Chain Barding Armor
25:40 Light Cavalry
26:36 Bow Saw
[TAIDA]鯊魚辣椒
10:02 Feudal Age
14:19 Castle Age
15:24 Forging
16:02 Scale Barding Armor
20:27 Wheelbarrow
20:16 Town Watch
24:16 Chain Barding Armor
25:42 Loom
27:21 Double-Bit Axe
Connection lost

Rejoining the realm…

Still unreachable

The connection could not be restored.

Session expired

The server has moved on; the page needs a fresh start.